Map: Jagannatha LE

Players

goblin

  • Race: Protoss Protoss
  • League: Master
  • Spawn Location: 1:00

Reynor - Winner!

  • Race: Zerg Zerg
  • Spawn Location: 7:00

Event: StayAtHome Story Cup #3

VOD

Have the link to the VOD?

Description

Time

  • Played on: March 11, 2021, 7:52 a.m.
  • Length: 17:50

All games in this series

Show
View Real Time Build Order
Export as new Build Order

goblin Protoss 

Build Orders: Carriers 

Get SALT Encoding   

  12  0:00  Probe  
  13  0:12  Probe  
  14  0:18  Pylon  
  14  0:24  Probe (Chrono Boost)  
  15  0:37  Probe (Chrono Boost)  
  15  0:38  Gateway  
  16  0:44  Probe (Chrono Boost)  
  17  0:51  Probe  
  18  0:59  Forge  
  18  1:10  Pylon  
  18  1:31  Photon Cannon  
  20  1:34  Cybernetics Core  
  20  1:52  Pylon  
  18  1:54  Nexus  
  18  2:00  Assimilator  
  18  2:01  Assimilator  
  18  2:07  Photon Cannon  
  18  2:08  Probe (Chrono Boost)  
  19  2:20  Probe (Chrono Boost)  
  20  2:28  Probe (Chrono Boost)  
  21  2:35  Probe, Gateway  
  22  2:46  Gateway  
  22  2:47  Probe  
  23  2:52  Pylon  
  23  2:56  Stargate  
  23  3:06  Probe x2 (Chrono Boost)  
  25  3:15  Probe x2 (Chrono Boost)  
  27  3:20  Probe (Chrono Boost)  
  27  3:24  Probe (Chrono Boost)  
  29  3:32  Probe (Chrono Boost)  
  31  3:35  Warp Gate  
  31  3:37  Void Ray, Stalker  
  31  3:38  Probe (Chrono Boost)  
  31  3:39  Probe (Chrono Boost)  
  34  3:45  Probe  
  34  3:48  Probe  
  40  3:54  Pylon  
  40  3:58  Probe  
  40  4:00  Probe  
  42  4:10  Probe  
  42  4:12  Probe  
  44  4:20  Nexus  
  44  4:22  Probe  
  45  4:24  Probe  
  45  4:25  Void Ray (Chrono Boost)  
  50  4:35  Assimilator  
  50  4:36  Assimilator  
  50  4:38  Pylon  
  50  4:40  Probe x2  
  53  4:53  Probe (Chrono Boost)  
  53  4:55  Stargate  
  53  4:57  Probe (Chrono Boost), Pylon  
  53  4:59  Void Ray (Chrono Boost)  
  56  5:09  Probe x2 (Chrono Boost)  
  56  5:13  Probe (Chrono Boost)  
  60  5:16  Probe  
  62  5:24  Probe  
  62  5:28  Probe  
  64  5:30  Protoss Air Weapons Level 1  
  64  5:34  Probe  
  65  5:36  Probe  
  65  5:40  Void Ray  
  65  5:41  Probe (Chrono Boost), Assimilator  
  67  5:42  Fleet Beacon  
  67  5:44  Pylon, Assimilator  
  67  5:46  Probe (Chrono Boost)  
  67  5:48  Probe (Chrono Boost)  
  73  5:53  Probe (Chrono Boost), Void Ray (Chrono Boost)  
  76  5:57  Probe (Chrono Boost)  
  76  5:58  Probe (Chrono Boost)  
  76  5:59  Probe (Chrono Boost)  
  76  6:02  Probe (Chrono Boost)  
  76  6:03  Probe (Chrono Boost)  
  82  6:06  Probe  
  82  6:07  Pylon  
  84  6:13  Photon Cannon  
  84  6:14  Probe x2  
  86  6:21  Probe  
  86  6:23  Carrier (Chrono Boost)  
  87  6:26  Probe  
  94  6:33  Carrier (Chrono Boost)  
  94  6:37  Pylon  
  100  6:43  Pylon  
  91  6:47  Zealot  
  91  6:52  Probe  
  91  6:53  Probe x2  
  94  7:00  Shield Battery  
  94  7:03  Photon Cannon  
  94  7:05  Probe x3  
  97  7:09  Adept  
  97  7:15  Flux Vanes  
  99  7:17  Probe x3  
  108  7:29  Probe x2, Shield Battery  
  110  7:30  Carrier (Chrono Boost)  
  110  7:31  Carrier (Chrono Boost), Pylon  
  116  7:39  Pylon  
  116  7:46  Pylon  
  116  7:54  Pylon, Stargate  
  116  7:56  Protoss Air Weapons Level 2 (Chrono Boost)  
  116  8:07  Adept  
  118  8:22  Carrier  
  124  8:31  Zealot  
  122  8:47  Probe x3  
  124  8:49  Carrier  
  124  8:50  Carrier  
  124  8:51  Pylon  
  124  8:52  Pylon  
  132  8:57  Pylon  
  132  9:00  Pylon  
  131  9:11  Probe x2  
  131  9:15  Gateway  
  131  9:16  Gateway  
  130  9:19  Gateway  
  129  9:26  Carrier  
  135  9:36  Stalker  
  137  9:41  Forge  
  137  9:48  Shield Battery  
  137  9:53  Carrier  
  137  9:55  Twilight Council  
  137  9:57  Gateway, Carrier  
  137  9:59  Gateway  
  149  10:01  Gateway  
  149  10:03  Shield Battery  
  149  10:04  Pylon  
  149  10:25  Photon Cannon  
  149  10:32  Protoss Air Weapons Level 3 (Chrono Boost)  
  137  10:41  Carrier (Chrono Boost)  
  128  10:59  Probe x3  
  128  11:04  Carrier (Chrono Boost)  
  131  11:10  Carrier (Chrono Boost)  
  138  11:11  Probe  
  138  11:16  Probe x2  
  146  11:23  Probe  
  147  11:33  Carrier (Chrono Boost)  
  135  12:22  Carrier (Chrono Boost)  
  135  12:24  Nexus  
  147  12:30  Templar Archives  
  147  12:36  Nexus  
  135  12:53  Psionic Storm  
  135  13:09  High Templar x3  
  141  13:13  Pylon  
  141  13:15  High Templar, Pylon  
  133  13:35  High Templar  
  133  13:37  Zealot x2  
  133  13:41  Assimilator x2  
  139  13:42  High Templar, Pylon  
  139  13:43  Zealot x2  
  139  13:46  Photon Cannon  
  145  13:49  Shield Battery  
  145  14:00  Zealot x3  
  149  14:18  Void Ray x3 (Chrono Boost)  
  157  14:42  High Templar  
  157  14:43  High Templar  
  161  14:46  Zealot x2  
  165  14:54  High Templar x2  
  165  14:59  Archon  
  169  15:02  Stalker  
  171  15:16  Stalker  
  171  15:17  High Templar  
  171  15:19  High Templar  
  173  15:34  Archon  
  173  15:35  Void Ray x2 (Chrono Boost)  
  155  15:42  Void Ray (Chrono Boost)  
Show
View Real Time Build Order
Export as new Build Order

Reynor Zerg - Winner!

Build Orders: Pool First 

Get SALT Encoding   

  12  0:17  Spawning Pool  
  11  0:22  Drone  
  11  0:26  Drone  
  13  0:35  Overlord  
  13  0:40  Drone  
  14  1:03  Zergling x2  
  14  1:04  Zergling x2  
  16  1:05  Zergling x2  
  17  1:16  Zergling x2  
  20  1:27  Zergling x2  
  20  1:28  Hatchery  
  18  1:37  Zergling x2  
  19  1:41  Queen  
  21  1:48  Overlord  
  21  2:02  Drone  
  22  2:10  Drone  
  22  2:20  Drone  
  23  2:27  Queen  
  24  2:30  Extractor  
  24  2:32  Drone  
  23  2:39  Queen  
  23  2:40  Drone  
  23  2:41  Drone  
  27  2:50  Drone  
  28  2:52  Drone  
  28  2:58  Overlord  
  29  3:00  Drone x2  
  29  3:05  Drone x2  
  33  3:11  Queen  
  35  3:13  Drone  
  35  3:17  Drone  
  37  3:25  Drone x2  
  39  3:33  Hatchery  
  38  3:36  Drone  
  38  3:40  Drone  
  38  3:41  Extractor  
  39  3:42  Extractor  
  39  3:46  Drone x3  
  41  3:50  Overlord  
  41  3:53  Drone  
  41  3:55  Drone  
  43  3:57  Drone  
  43  4:01  Overlord  
  44  4:10  Drone x2  
  44  4:11  Queen  
  44  4:13  Zergling x2  
  44  4:14  Zergling x2  
  50  4:21  Overlord  
  50  4:22  Overlord  
  50  4:24  Metabolic Boost  
  50  4:28  Drone  
  50  4:29  Drone  
  52  4:33  Overlord  
  52  4:38  Evolution Chamber  
  51  4:39  Drone x2  
  51  4:41  Drone  
  51  4:42  Drone  
  55  4:47  Drone x2  
  55  4:52  Drone x2  
  59  4:54  Queen  
  59  4:59  Spore Crawler  
  60  5:00  Drone  
  60  5:03  Zerg Melee Weapons Level 1  
  60  5:04  Drone  
  60  5:06  Drone  
  63  5:07  Drone  
  63  5:11  Queen  
  66  5:15  Drone  
  66  5:17  Spore Crawler  
  66  5:19  Queen  
  66  5:21  Drone  
  69  5:22  Drone  
  70  5:28  Baneling Nest  
  70  5:29  Drone x2  
  70  5:31  Drone x2  
  70  5:32  Drone  
  73  5:36  Drone  
  73  5:39  Spore Crawler  
  73  5:42  Zergling x10  
  78  5:43  Zergling x2  
  78  5:44  Zergling x2  
  78  5:48  Zergling x4  
  82  5:50  Lair  
  82  5:52  Overlord  
  82  6:07  Overlord  
  82  6:10  Queen  
  82  6:11  Drone x3  
  86  6:12  Drone x3  
  86  6:14  Extractor, Drone  
  86  6:15  Extractor, Drone  
  86  6:16  Overlord  
  86  6:17  Evolution Chamber  
  87  6:20  Drone x3  
  87  6:21  Drone  
  89  6:26  Drone x4  
  89  6:28  Drone x4, Extractor  
  96  6:42  Overlord  
  96  6:48  Drone x3  
  96  6:51  Zergling x12  
  99  6:55  Zergling x12  
  99  7:00  Queen, Zerg Ground Armor Level 1  
  107  7:03  Queen  
  107  7:04  Hatchery  
  107  7:06  Overlord  
  107  7:07  Zergling x6  
  111  7:12  Zerg Melee Weapons Level 2  
  111  7:18  Zergling x6, Spore Crawler  
  111  7:21  Overlord  
  113  7:25  Overlord  
  113  7:27  Queen  
  113  7:28  Infestation Pit  
  113  7:31  Drone x3  
  113  7:32  Drone x4  
  113  7:33  Drone  
  113  7:34  Overlord  
  121  7:41  Overlord  
  121  7:43  Queen  
  125  7:47  Drone x2  
  127  7:52  Zergling x10  
  127  7:53  Zergling x2  
  127  7:56  Drone x2  
  127  7:57  Drone  
  133  8:03  Queen x2, Spore Crawler  
  135  8:05  Zergling x2  
  135  8:06  Zergling x4  
  135  8:07  Baneling x6  
  137  8:14  Baneling x5  
  137  8:18  Zergling x10  
  137  8:19  Queen  
  144  8:21  Overlord  
  143  8:30  Queen  
  138  8:38  Zergling x24  
  139  8:42  Overlord  
  139  8:44  Zergling x4  
  139  8:45  Hive  
  139  8:46  Queen  
  138  8:55  Queen  
  136  8:57  Zergling x4  
  136  8:58  Zergling x2  
  136  8:59  Drone x3  
  136  9:02  Overlord  
  141  9:06  Queen  
  141  9:07  Extractor  
  141  9:08  Drone  
  141  9:09  Spire  
  141  9:11  Baneling x7  
  141  9:12  Zergling x20  
  144  9:21  Queen  
  145  9:27  Drone x4  
  145  9:30  Queen  
  145  9:31  Spore Crawler x4  
  150  9:32  Spore Crawler  
  146  9:42  Centrifical Hooks  
  145  9:47  Drone x5  
  145  9:49  Extractor  
  145  9:50  Drone x4, Extractor  
  150  9:53  Extractor, Zergling x12  
  150  9:59  Viper x3  
  155  10:02  Overlord  
  155  10:03  Adrenal Glands  
  164  10:08  Drone x2  
  164  10:10  Hatchery, Spore Crawler  
  164  10:12  Baneling x4  
  164  10:13  Zergling x10  
  169  10:15  Overlord  
  164  10:39  Corruptor x7  
  164  10:40  Corruptor  
  167  10:53  Corruptor x2  
  167  10:57  Zergling x18  
  167  11:00  Corruptor  
  167  11:02  Zergling x10  
  167  11:03  Zergling x2  
  170  11:04  Queen  
  170  11:06  Corruptor  
  174  11:12  Drone  
  174  11:13  Drone x2  
  174  11:15  Corruptor  
  179  11:18  Corruptor  
  179  11:22  Corruptor  
  183  11:27  Corruptor x2  
  183  11:29  Drone x2  
  183  11:30  Queen  
  191  11:39  Extractor, Corruptor x2  
  188  11:40  Extractor  
  188  11:43  Zergling x14  
  188  11:44  Corruptor  
  187  11:50  Spore Crawler  
  187  11:51  Corruptor  
  187  11:53  Spore Crawler  
  187  11:54  Drone x3, Corruptor  
  187  11:56  Spore Crawler x2  
  187  11:57  Spore Crawler  
  187  11:58  Queen, Spore Crawler  
  187  12:10  Corruptor  
  187  12:11  Corruptor x2  
  191  12:15  Corruptor  
  193  12:25  Corruptor x2  
  193  12:28  Drone x3  
  200  12:31  Spore Crawler  
  200  12:33  Spore Crawler x2  
  197  12:43  Viper  
  199  12:47  Zerg Flyer Weapons Level 1  
  199  12:48  Overseer  
  199  12:49  Spore Crawler x2  
  199  12:51  Spire  
  196  12:53  Ultralisk Cavern  
  196  12:57  Zergling x10  
  200  13:02  Hatchery  
  199  13:07  Overlord  
  199  13:08  Overseer x2  
  199  13:09  Overseer  
  199  13:10  Pneumatized Carapace, Corruptor  
  189  13:35  Zerg Ground Armor Level 2  
  189  13:36  Zerg Melee Weapons Level 3  
  189  13:38  Drone x3  
  189  13:41  Spore Crawler x3  
  190  13:42  Chitinous Plating  
  189  13:49  Zergling x8, Ultralisk  
  189  13:50  Zergling x2  
  200  13:55  Overseer  
  200  13:56  Overseer, Spore Crawler  
  199  14:02  Spore Crawler  
  198  14:16  Ultralisk  
  198  14:17  Ultralisk  
  183  14:25  Zergling x8, Ultralisk x2  
  194  14:31  Corruptor x2  
  194  14:32  Spore Crawler x2, Corruptor  
  194  14:34  Zerg Flyer Armor Level 1  
  198  14:39  Zergling x2  
  198  14:45  Extractor, Zerg Flyer Weapons Level 2, Spore Crawler  
  197  14:47  Spore Crawler  
  197  14:49  Extractor  
  197  14:51  Drone x2  
  197  14:52  Drone x2  
  176  15:37  Corruptor x5  
  176  15:38  Corruptor x3  
  171  15:44  Corruptor  
  171  15:45  Corruptor x5  
  171  15:49  Corruptor  
  161  15:59  Viper x2  
  157  16:05  Corruptor x4  
  157  16:11  Corruptor x2  
  165  16:20  Corruptor  
  161  16:31  Corruptor x2  
  150  16:34  Overlord x4  
  150  16:36  Overlord  
  142  16:44  Overlord  
  142  16:45  Overlord  
  124  16:58  Corruptor x5  
  120  17:04  Corruptor  
  112  17:11  Corruptor x2  
  112  17:17  Corruptor  
  104  17:33  Drone x2  
  104  17:34  Drone x2  
Tags
 
Add a new tag
Caveats
  • Supply blocks, unpowered buildings, or Contaminate may cause inaccurate times.
  • Supply counts are checked every 10 seconds.